 Dungeon Crawl Stone Soup version 0.16.2-2-g470672f (webtiles) character file.

100 monobi the Ducker (level 4, -5/33 HPs)
             Began as a Demonspawn Gladiator on Sept 3, 2015.
             Killed by divine providence
             ... invoked by an orc priest
              (13 damage)
             ... on level 3 of the Dungeon.
             The game lasted 00:10:32 (2528 turns).

monobi the Ducker (Demonspawn Gladiator)            Turns: 2528, Time: 00:10:33

Health: -5/33      AC:  8    Str: 15    XL:     4   Next: 47%
Magic:  0/4        EV: 14    Int: 10    God:
Gold:   147        SH:  0    Dex: 14    Spells: 0 memorised, 4 levels left

rFire  + + .     SeeInvis .     v - +2 dagger (venom)
rCold  + + .     Clarity  .     p - +2 robe {rC+ rF+}
rNeg   . . .     SustAb   .     (no shield)
rPois  +         Gourm    .     c - +0 helmet
rElec  +         Spirit   +     (no cloak)
rCorr  +         Warding  .     y - +2 pair of gloves
rMut   .         Stasis   .     (no boots)
MR     .....                    (no amulet)
Stlth  +.........               (no ring)
                                (no ring)

@: resistant, not resistant to hostile enchantments, very unstealthy
A: magic shield
a: no special abilities


You were on level 3 of the Dungeon.
You were not hungry.

You visited 1 branch of the dungeon, and saw 3 of its levels.

You collected 147 gold pieces.

Inventory:

Hand weapons
 a - a +0 rapier
 f - a +0 dagger of draining
 n - a +2 dagger of venom
 v - a +2 dagger of venom (weapon)
Missiles
 d - 3 throwing nets (quivered)
Armour
 b - a +0 leather armour
 c - a +0 helmet (worn)
 p - a +2 robe of resistance (worn)
 y - a +2 pair of gloves (worn)
Magical devices
 i - a wand of polymorph (2)
Scrolls
 e - a scroll of immolation
 h - a scroll of magic mapping
 k - a scroll of remove curse
 m - a scroll of teleportation {unknown}
 q - a scroll of identify
Comestibles
 g - 2 meat rations
 o - 6 fruits
 s - 2 beef jerkies
 t - 5 chunks of flesh


   Skills:
 + Level 2.2 Fighting
 * Level 3.3 Short Blades
 - Level 1.9 Throwing
 - Level 0.3 Armour
 * Level 3.8 Dodging
 * Level 0.4 Stealth
 * Level 0.6 Spellcasting


You had 4 spell levels left.
You didn't know any spells.

Dungeon Overview and Level Annotations

Branches:
Dungeon (3/15)

Altars:
Gozag
Ru


Innate Abilities, Weirdness & Mutations

When hurt, damage is shared between your health and your magic reserves.


Message History

You kill the goblin!
The orc hits you with a hand axe.
* * * LOW HITPOINT WARNING * * *
The orc closely misses you.
Things that are here:
a hunting sling; 10 stones You hit the orc.
The orc is poisoned.
The orc is moderately wounded.
The orc barely misses you.
You hit the orc.
You kill the orc!
The orc priest mumbles some strange prayers to Beogh.
You feel troubled.
Things that are here:
a club; a leather armour; a stone The orc priest prays to Beogh.
You feel troubled.
The orc priest invokes the aid of Beogh against you.
Something smites you!
You die...

....#######.# #...##...........,,
##.....####.# #...##.(#.##...#,,,
#..........# #...##o.#.##...#**,
#.....[....# #...#.(...##...####
#..........# #)...##.#..........
#..........# #...()).#..o....###
#..........# #(..#.).#.(#o(..#**
#..†.......###...#.....(#.......
#......(.......@.##....##....##.
#....).(..###....##(...##...##*,
######)#...........##..##.....,,*
.......#.#####.#...##..#*.....#**
######.....# #.#....####,.....#*,
.≈≈≈..#..#.# #.#.#..#***.......*,
≈...≈..#...###.....(.**,,..#,,,*,
≈._.≈...#....#.......**,,,,,,,,*,
≈...≈..#...###....,,****,,,*,,,*,


You could see an orc priest.

Vanquished Creatures
  Ijyb (D:3)
  Jessica (D:3)
  An adder (D:3)
  A worm (D:2)
  3 giant geckos (D:1)
  An ooze (D:3)
  4 orcs (D:3)
  2 giant cockroaches
  8 hobgoblins
  7 kobolds
  A quokka (D:2)
  3 bats
  4 goblins
  5 rats
  A bush (D:1)
43 creatures vanquished.

Notes
Turn   | Place    | Note
--------------------------------------------------------------
     0 | D:1      | monobi, the Demonspawn Gladiator, began the quest for the Orb.
     0 | D:1      | Reached XP level 1. HP: 16/16 MP: 1/1
   226 | D:1      | Gained mutation: When hurt, damage is shared between your health and your magic reserves. [demonic ancestry]
   226 | D:1      | Reached XP level 2. HP: 11/22 MP: 2/2
   254 | D:1      | Reached skill level 3 in Dodging
  1708 | D:2      | Reached XP level 3. HP: 9/22 MP: 3/3
  1847 | D:2      | Found an opulent altar of Gozag.
  2297 | D:3      | Found a sacrificial altar of Ru.
  2322 | D:3      | Noticed Jessica
  2337 | D:3      | HP: 1/22 [kobold/whip (2)]
  2351 | D:3      | Killed Jessica
  2403 | D:3      | Noticed Ijyb
  2429 | D:3      | Reached XP level 4. HP: 31/33 MP: 4/4
  2469 | D:3      | Killed Ijyb
  2528 | D:3      | Killed from afar by an orc priest

Action                   |  1- 3 |  4- 6 || total
-------------------------+-------+-------++-------
Melee: Rapier            |   287 |       ||   287
       Dagger            |    46 |    14 ||    60
       Unarmed           |       |    15 ||    15
  Use: Potion            |     4 |     3 ||     7
       Scroll            |    12 |       ||    12
  Eat: Bread ration      |     2 |       ||     2
